 Dungeon Crawl Stone Soup version 0.24.0-1-gfbc8707122 (console) character file.

Game seed: 14259955981325654073, levelgen mode: deterministic

81 AlterAsc the Ruffian (level 4, -1/26 HPs)
             Began as a Gargoyle Transmuter on Oct 28, 2019.
             Slain by an orc wizard
             ... wielding a +0 dagger
              (3 damage)
             ... on level 3 of the Dungeon.
             The game lasted 00:10:56 (2643 turns).

AlterAsc the Ruffian (Gargoyle Transmuter)          Turns: 2643, Time: 00:10:57

Health: -1/26      AC:  8    Str: 15    XL:     4   Next: 40%
Magic:  7/7        EV: 11    Int: 13    God:
Gold:   138        SH:  0    Dex: 10    Spells: 7/8 levels left

rFire    . . .     SeeInvis .     - Unarmed
rCold    . . .     Gourm    .   (no shield)
rNeg     + . .     Faith    .   g - +0 ring mail
rPois    ∞         Spirit   .   (no helmet)
rElec    +         Reflect  .   (no cloak)
rCorr    .         Harm     .   (no gloves)
MR       .....                  (no boots)
Stlth    ..........             (no amulet)
HPRegen  0.08/turn              (no ring)
MPRegen  0.10/turn              (no ring)

@: very slightly contaminated
A: negative energy resistance 1, electricity resistance, unbreathing,
petrification resistance, rot immunity, AC +3
a: no special abilities


You were on level 3 of the Dungeon.
You were not hungry.

You visited 1 branch of the dungeon, and saw 4 of its levels.

You collected 138 gold pieces.

Inventory:

Missiles
 a - 27 arrows
 p - 2 throwing nets (quivered)
Armour
 b - a +0 robe
 g - a +0 ring mail (worn)
Jewellery
 i - a cursed ring of positive energy {unknown}
Scrolls
 c - 2 scrolls of enchant weapon {unknown}
 f - a scroll of teleportation {unknown}
 j - 2 scrolls of fog {unknown}
 m - 3 scrolls of identify {unknown}
 o - a scroll of magic mapping {unknown}
 q - a scroll of remove curse {unknown}
 r - a scroll of enchant armour {unknown}
Potions
 e - a potion of curing {unknown}
 h - a potion of resistance {unknown}
 k - a potion of magic {unknown}
 l - a potion of flight {unknown}
 n - 2 potions of agility {unknown}
Comestibles
 d - 5 rations
 s - 2 chunks of flesh


   Skills:
 + Level 2.2 Fighting
 - Level 2.0 Dodging
 + Level 3.5 Unarmed Combat
 + Level 2.5 Spellcasting
 + Level 2.2 Transmutations


You had 7 spell levels left.
You knew the following spells:

 Your Spells              Type           Power        Failure   Level  Hunger
a - Beastly Appendage     Tmut           #.....       19%         1    #......

Your spell library contained the following spells:

 Spells                   Type           Power        Failure   Level  Hunger
 Sticks to Snakes         Tmut           #.......     28%         2    ###....
 Spider Form              Tmut/Pois      #.........   67%         3    ###....
 Ice Form                 Ice/Tmut       #.......     97%         4    #####..
 Blade Hands              Tmut           #.........   99%         5    ######.


Dungeon Overview and Level Annotations

Branches:
Dungeon (4/15)
 Temple: D:4-7

Altars:
Qazlal


Innate Abilities, Weirdness & Mutations

You are resistant to torment.
Your stone body is resilient. (AC +3)
You are immune to poison.
You resist negative energy. (rN+)
You are resistant to electric shocks. (rElec)
You can survive without breathing.
You are immune to petrification.
You are immune to rotting.


Message History

You closely miss something. The hound barely misses you.
Something hits you but does no damage. The orc hits you with a +0 hand axe.
The hound barely misses you. Something hits you but does no damage.
You hear some strange, mumbled words.
A puff of frost appears from out of thin air!
The puff of frost hits you.
* * * LOW HITPOINT WARNING * * *
Something hits you but does no damage.
There is a stone staircase leading up here.
Something hits you but does no damage. The hound bites you but does no damage.
You climb upwards.
Reactivating autopickup.
There is a stone staircase leading down here.
Deactivating autopickup; reactivate with Ctrl-A.
You completely miss something. Something hits you.
* * * LOW HITPOINT WARNING * * *
Something hits you but does no damage.
You hit something. Something hits you.
You die...

#.......................
#.##.......#.##########.
#..÷.........# #.
###.#####....# #. #.#
#......# #. #.# #.#....#
#. #.###.#....# ####.
#...#{#....#######....
#.#.#@................
#.#.#.#.#.########.###
###.#...#.# #.#
#.#.#.#.##### #.#
#.#.........####.#
#........#..(....###
###.................
#...................
#.####.#.......####.


There were no monsters in sight!

Vanquished Creatures
  An ooze (D:2)
  A worm (D:2)
  2 dart slugs
  3 leopard geckos
  5 orcs
  4 giant cockroaches
  8 goblins
  4 hobgoblins
  2 jackals (D:2)
  14 bats
  2 frilled lizards (D:3)
  10 kobolds
  6 rats
62 creatures vanquished.

Notes
Turn   | Place    | Note
-------+----------+-------------------------------------------
     0 | D:1      | AlterAsc the Gargoyle Transmuter began the quest for the
                  | Orb.
     0 | D:1      | Reached XP level 1. HP: 12/12 MP: 3/3
   128 | D:1      | Reached XP level 2. HP: 13/16 MP: 5/5
   827 | D:2      | Reached XP level 3. HP: 20/20 MP: 6/6
  1811 | D:3      | Reached XP level 4. HP: 14/26 MP: 7/7
  2607 | D:4      | Found a stormy altar of Qazlal.
  2643 | D:3      | Slain by an orc wizard

Levels and vault maps discovered:
D:1:      psy_arrival_heroes, layout_basic, chequers_serial_rivers_room_a
D:2:      layout_loops_ring, kennysheep_donut
D:3:      layout_basic, gup_sewer_entry_bowl
D:4:      layout_gridville, lemuel_crystal_altar, minmay_temple_entry_glass,
          uniq_natasha

Skill      XL: |  1  2  3 |
---------------+----------+-----
Dodging        | 2 |  2.0
Transmutations | 2 |  2.2
Fighting       | 2 |  2.2
Unarmed Combat | |  3.5
Spellcasting   | |  2.5

Action                   |  1- 3 |  4- 6 || total
-------------------------+-------+-------++-------
Melee: Unarmed           |   196 |   106 ||   302
       Headbutt          |     3 |     3 ||     6
       Kick              |     2 |     5 ||     7
       Punch             |       |     1 ||     1
 Cast: Beastly Appendage |     8 |     3 ||    11
  Eat: Chunk             |     3 |     3 ||     6
Armor: Robe              |    14 |       ||    14
       Ring mail         |   131 |   169 ||   300
Dodge: Dodged            |   223 |   169 ||   392
